 Dungeon Crawl Stone Soup version 0.29-a0-1065-g47a6bb87d6 (webtiles) character file.

Game seed: 10889849989794596948

10815 ytrimaz the Martial Artist (level 11, 0/83 HPs)
             Began as an Octopode Transmuter on Aug 19, 2022.
             Was an Initiate of Ashenzari.
             Slain by a white ugly thing (7 damage)
             ... on level 11 of the Dungeon.
             The game lasted 00:16:54 (16488 turns).

ytrimaz the Martial Artist (Octopode Transmuter)   Turns: 16488, Time: 00:16:54

Health: 0/83       AC:  2    Str:  9    XL:     11   Next: 68%
Magic:  5/14       EV: 24    Int: 30    God:    Ashenzari [......]
Gold:   608        SH:  0    Dex: 16    Spells: 5/14 levels left

rFire   + . .      SeeInvis +     - Unarmed
rCold   + . .      Faith    .   (shield currently unavailable)
rNeg    + . .      Spirit   .   (helmet currently unavailable)
rPois   .          Reflect  .   (no amulet)
rElec   +          Harm     .   k - ring of poison resistance
rCorr   +          Rampage  .   d - ring of positive energy
Will    .....                   s - ring of see invisible
Stlth   +.........              t - +6 ring of intelligence
HPRegen 0.23/turn               (no ring)
MPRegen 0.14/turn               (no ring)
                                (no ring)
                                (no ring)

@: mighty, spider-form (expiring), resistant, very slightly contaminated,
hasted, very quick
A: venomous fangs, almost no armour, (amphibious), 8 rings, tiny, (camouflage
1), (gelatinous body 1), (nimble swimmer 1), (tentacles), clever 1, mutation
resistance 1
a: End Transformation, Renounce Religion


You were on level 11 of the Dungeon.
You worshipped Ashenzari.
Ashenzari was noncommittal.
You were a venomous arachnid creature.
You visited 2 branches of the dungeon, and saw 12 of its levels.

You collected 608 gold pieces.

Inventory:

Missiles
 o - 2 throwing nets
Armour
 x - a +2 hat (melded)
Jewellery
 d - a ring of positive energy (right front leg)
 k - a ring of poison resistance (left front leg)
 s - a ring of see invisible (on tentacle)
 t - a +6 ring of intelligence (on tentacle)
Wands
 a - a wand of paralysis (10)
 c - a wand of light (1)
 e - a wand of roots (9)
Scrolls
 f - 3 scrolls of magic mapping
 g - 3 scrolls of teleportation
 j - a scroll of blinking
 q - 2 scrolls of fear
 r - a scroll of enchant armour
 v - a scroll of amnesia
 y - a scroll of identify
 A - a scroll of silence
Potions
 b - 4 potions of brilliance
 h - 2 potions of mutation
 i - 5 potions of curing
 l - 2 potions of attraction
 n - a potion of resistance
 u - 3 potions of magic
 z - a potion of flight
 B - a potion of cancellation
 C - a potion of heal wounds


   Skills:
 + Level 11.5 Fighting
 + Level 7.6 Dodging
 - Level 12.0 Unarmed Combat
 - Level 2.0 Spellcasting
 - Level 2.0 Transmutations
 - Level 4.0 Poison Magic


You had 5 spell levels left.
You knew the following spells:

 Your Spells              Type           Power      Damage    Failure   Level
a - Ice Form              Ice/Tmut       9%         N/A       67%         4
b - Wereblood             Tmut           15%        N/A       16%         2
c - Spider Form           Tmut/Pois      21%        N/A       19%         3

Your spell library contained the following spells:

 Spells                   Type           Power      Damage    Failure   Level
 Beastly Appendage        Tmut           30%        N/A       12%         1
 Necrotise                Necr           12%        1d4       21%         1
 Confusing Touch          Hex            3%         N/A       45%         3
 Gell's Gravitas          Tloc           3%         N/A       45%         3
 Portal Projectile        Hex/Tloc       6%         N/A       45%         3
 Teleport Other           Tloc           3%         N/A       45%         3
 Tukima's Dance           Hex            3%         N/A       45%         3
 Vampiric Draining        Necr           3%         2d6       45%         3
 Hailstorm                Conj/Ice       3%         3d3       80%         4
 Blade Hands              Tmut           7%         N/A       85%         5
 Yara's Violent Unravell  Hex/Tmut       4%         3d4       93%         5
 Agony                    Necr           3%         N/A       98%         5
 Dispersal                Tloc           1%         N/A       100%        6
 Simulacrum               Ice/Necr       1%         N/A       100%        6
 Enfeeble                 Hex            1%         N/A       100%        7


Dungeon Overview and Level Annotations

Branches:
Dungeon (11/15)            Temple (1/1) D:5             Orc (0/2) D:9
   Lair: D:8-11

Altars:
Ashenzari
Cheibriados
Dithmenos
Elyvilon
Fedhas
Gozag
Hepliaklqana
Kikubaaqudgha
Makhleb
Nemelex Xobeh
Okawaru
Qazlal
Ru
Sif Muna
Trog
Uskayaw
Vehumet
Wu Jian
Xom
Yredelemnul
Zin
The Shining One

Shops:
D:10 (


Innate Abilities, Weirdness & Mutations

You are a venomous arachnid creature.
You have poisonous fangs.
You are tiny and dextrous.
Your spellcasting is less reliable in this form.
Your armour is entirely melded.
You are incapable of wielding weapons or throwing items.
You cannot wear most types of armour.
((You are amphibious.))
You can wear up to eight rings at the same time.
((Your skin changes colour to match your surroundings (Stealth+).))
((Your rubbery body absorbs attacks. (AC +1, EV +1)))
((You are camouflaged when in or above water. (Stealth+)))
((You have tentacles for arms and can constrict up to eight enemies at once.))
Your mind is acute. (Int +4, Str/Dex -1)
You are somewhat resistant to further mutation.


Message History

You miscast Wereblood.
You are lightly contaminated with residual magic.
Nothing appears to happen.
The cyan ugly thing gurgles horribly!
The troll barely misses you. The troll misses you.
The troll completely misses you.
You feel yourself speed up. The troll closely misses you.
The troll completely misses you. The troll claws you!
Unknown command.
Unknown command.
You maul the troll!!
The troll looks as sick as possible!
The troll is heavily wounded.
You hit the troll.
The troll looks as sick as possible!
The troll is heavily wounded.
The troll misses you. The troll closely misses you.
The troll completely misses you.
You maul the troll!!
You kill the troll!
The white ugly thing kicks you.
* * * LOW HITPOINT WARNING * * *
The white ugly thing freezes you! You resist.
* * * LOW HITPOINT WARNING * * *
Unknown command.
The cyan ugly thing basks in the mutagenic energy from its kin and changes!
You feel much better.
Unknown command.
You bite the white ugly thing!
The white ugly thing is poisoned.
The white ugly thing is lightly wounded.
Your transformation is almost over.
The white ugly thing kicks you! The white ugly thing freezes you! You resist.
* * * LOW HITPOINT WARNING * * *
You hit the white ugly thing.
The white ugly thing is lightly wounded.
Unknown command.
You barely miss the white ugly thing.
The white ugly thing is lightly wounded.
The white ugly thing kicks you!
* * * LOW HITPOINT WARNING * * *
The white ugly thing freezes you! You resist.
You die...

#.. #>. #.#
#.# +.####
#.... #..#
#s# #u#
#T## #uu#
#.## #..#
###..## ##
#.....#..#
###.......#


You could see 3 ugly things and a troll.

Vanquished Creatures
  3 two-headed ogres
  Pikel (D:5)
  Joseph (D:8)
  A kobold demonologist (D:9)
  2 trolls
  Grinder (D:5)
  A wraith (D:10)
  2 wyverns
  9 yaks
  2 swamp worms (D:9)
  A warg (D:6)
  An acid dragon (D:10)
  2 water moccasins
  4 orc warriors
  Duvessa (D:7)
  2 ice beasts
  A sky beast (D:7)
  8 ogres
  3 centaurs
  3 kobold brigands (D:6)
  A phantom (D:5)
  3 bullfrogs
  3 necrophages
  3 gnoll sergeants
  5 scorpions
  3 wights (D:8)
  Dowan (D:7)
  9 killer bees
  9 howler monkeys
  12 hounds
  4 jellies
  2 gnoll boudas (D:6)
  8 orc priests
  4 iguanas
  3 orc wizards
  14 gnolls
  6 adders
  2 ufetubi (D:4)
  A worm (D:2)
  A dart slug (D:4)
  39 orcs
  5 ball pythons
  7 bats
  7 endoplasms
  3 giant cockroaches (D:1)
  10 hobgoblins
  4 jackals (D:3)
  14 kobolds
  3 quokkas
  8 frilled lizards
  10 goblins
  7 rats
260 creatures vanquished.

Vanquished Creatures (others)
  48 plants
48 creatures vanquished.

Grand Total: 308 creatures vanquished

Notes
Turn   | Place    | Note
-------+----------+-------------------------------------------
     0 | D:1      | ytrimaz the Octopode Transmuter began the quest for the
                  | Orb.
     0 | D:1      | Reached XP level 1. HP: 13/13 MP: 3/3
    90 | D:1      | Reached XP level 2. HP: 18/18 MP: 3/5
   454 | D:1      | Found a faded altar of an unknown god.
   745 | D:1      | Reached XP level 3. HP: 23/23 MP: 4/6
   748 | D:1      | Learned a level 2 spell: Wereblood
   752 | D:1      | Learned a level 3 spell: Spider Form
  1780 | D:3      | Reached skill level 4 in Unarmed Combat
  1784 | D:3      | Reached XP level 4. HP: 19/29 MP: 1/7
  2155 | D:3      | Identified the +1 scale mail "Zeominei" {Regen+ Str+2 SInv}
  3611 | D:4      | Reached XP level 5. HP: 26/35 MP: 8/8
  4052 | D:4      | Reached skill level 5 in Unarmed Combat
  4099 | D:4      | Reached XP level 6. HP: 13/41 MP: 5/9
  5489 | D:4      | Reached XP level 7. HP: 46/46 MP: 8/10
  5940 | D:5      | Entered Level 5 of the Dungeon
  5940 | D:5      | Noticed Grinder
  5943 | D:5      | Paralysed by Grinder for 2 turns
  5956 | D:5      | Reached skill level 6 in Unarmed Combat
  5962 | D:5      | Killed Grinder
  6348 | D:5      | Reached XP level 8. HP: 22/54 MP: 8/11
  6545 | D:5      | Found Lowireta's Assorted Antiques.
  6550 | D:5      | Reached skill level 7 in Unarmed Combat
  6768 | D:5      | Found a large runed translucent door.
  6870 | D:5      | Found a staircase to the Ecumenical Temple.
  6921 | D:5      | Reached skill level 5 in Dodging
  7051 | D:5      | Noticed Pikel
  7069 | D:5      | Killed Pikel
  7070 | D:5      | Reached skill level 5 in Fighting
  7070 | D:5      | Reached skill level 8 in Unarmed Combat
  7104 | Temple   | Entered the Ecumenical Temple
  7396 | D:5      | Found a large runed translucent door.
  7483 | D:5      | Found a shimmering blue altar of Sif Muna.
  7648 | D:5      | Found a snail-covered altar of Cheibriados.
  7651 | D:5      | Found an iron altar of Okawaru.
  7888 | D:6      | Reached XP level 9. HP: 37/61 MP: 6/12
  8102 | D:6      | Reached skill level 9 in Unarmed Combat
  9133 | D:6      | Reached skill level 10 in Unarmed Combat
  9853 | D:6      | Reached XP level 10. HP: 48/69 MP: 5/13
 10234 | D:6      | Noticed a two-headed ogre
 10250 | D:6      | Killed a two-headed ogre
 10251 | D:6      | Reached skill level 11 in Unarmed Combat
 11053 | D:7      | Noticed Dowan
 11056 | D:7      | Noticed Duvessa
 11063 | D:7      | Killed Dowan
 11071 | D:7      | Killed Duvessa
 11277 | D:7      | Noticed a two-headed ogre
 11311 | D:7      | Killed a two-headed ogre
 11312 | D:7      | Reached skill level 12 in Unarmed Combat
 12251 | D:7      | Learned a level 4 spell: Ice Form
 12663 | D:7      | Found a burning altar of Makhleb.
 12666 | D:7      | Found a glowing silver altar of Zin.
 12671 | D:7      | Found a basalt altar of Yredelemnul.
 13110 | D:8      | Noticed Joseph
 13144 | D:8      | Killed Joseph
 13355 | D:8      | Reached XP level 11. HP: 48/78 MP: 11/14
 13560 | D:8      | Found a shadowy altar of Dithmenos.
 14212 | D:9      | Gained mutation: Potions are less effective at restoring
                  | your health. [mutagenic glow]
 14623 | D:9      | Lost mutation: Potions are less effective at restoring your
                  | health. [potion of mutation]
 14623 | D:9      | Gained mutation: Your mind is acute. (Int +4, Str/Dex -1)
                  | [potion of mutation]
 14623 | D:9      | Gained mutation: You are somewhat resistant to further
                  | mutation. [potion of mutation]
 14736 | D:9      | Found a staircase to the Orcish Mines.
 14902 | D:9      | Reached skill level 10 in Fighting
 15474 | D:9      | Found an ornate altar of the Wu Jian Council.
 15641 | D:10     | Entered Level 10 of the Dungeon
 15791 | D:10     | Found Kakhewn's Weapon Boutique.
 15791 | D:10     | Noticed a two-headed ogre
 15804 | D:10     | Killed a two-headed ogre
 16141 | D:10     | Found a broken altar of Ashenzari.
 16160 | D:10     | Became a worshipper of Ashenzari the Shackled
 16210 | D:10     | Found a hide-covered altar of Uskayaw.
 16256 | D:10     | Found a bloodstained altar of Trog.
 16257 | D:10     | Found a radiant altar of Vehumet.
 16419 | D:11     | Noticed a green ugly thing
 16449 | D:11     | Noticed a cyan ugly thing
 16463 | D:11     | Noticed a white ugly thing
 16488 | D:11     | Slain by a white ugly thing

Illustrated notes

Levels and vault maps discovered:
D:1:      psy_arrival_terrarium, layout_loops_ring,
          shapermc_ecumenical_altar_pompeii
D:2:      layout_rooms
D:3:      layout_loops_cross, serial_bayou_lagoon_a
D:4:      layout_basic
D:5:      layout_basic, mainiacjoe_overflow_alcove_4, jmf_multi_god_temple2,
          minmay_temple_entry_junction, serial_shops, nicolae_stop_n_shop_2,
          uniq_grinder, uniq_pikel
D:6:      lemuel_castle_with_subvaults [lemuel_castle_interior_carwin_2],
          layout_gridville, lexackson_kobold_supper
D:7:      corexii_shantytown, layout_cave_pools, grunt_temple_overflow_diamond,
          kennysheep_small_spiral, uniq_duvessa
D:8:      layout_cave_pools, mainiacjoe_overflow_small_starburst, uniq_joseph
D:9:      layout_rooms, nicolae_wu_jian_immortal_techniques, orc_0_dummy,
          amethyst_killhole, worms_lemuel
D:10:     layout_rooms, eat_drink_and_be_merry_uskayaw, old_standard_altar,
          grunt_temple_overflow_open, serial_shops,
          nicolae_shop_bloodbath_and_beyond
D:11:     layout_cave_pools, david_lair_generic, serial_shops,
          kennysheep_little_box, nicolae_rejected_hall
Temple:   compressed_dpeg_circular_temple

Skill      XL: |  1  2  3  4  5  6  7  8  9 10 11 |
---------------+----------------------------------+-----
Unarmed Combat | 4 5 6 8 10 12 | 12.0
Fighting       | 2 3 4 5 6 8 11 | 11.5
Dodging        | 3 4 5 6 7 |  7.6
Poison Magic   | 4 |  4.0
Spellcasting   | |  2.0
Transmutations | |  2.0

Action                   |  1- 3 |  4- 6 |  7- 9 | 10-12 || total
-------------------------+-------+-------+-------+-------++-------
Melee: Unarmed           |    75 |   128 |   215 |   371 ||   789
       Kick              |    18 |    21 |    37 |     1 ||    77
       Constrict         |    13 |    28 |    33 |     9 ||    83
       Tentacles         |    11 |    25 |    33 |     5 ||    74
       Punch             |     1 |     2 |     4 |     2 ||     9
 Cast: Beastly Appendage |    23 |    18 |    27 |     2 ||    70
       Spider Form       |     1 |     3 |    11 |    50 ||    65
       Wereblood         |       |       |     2 |     4 ||     6
       Ice Form          |       |       |       |     1 ||     1
 Abil: End Transformatio |       |       |       |     1 ||     1
  Use: Scroll            |     5 |     7 |     4 |    10 ||    26
       Potion            |       |     2 |     5 |     7 ||    14
 Stab: Sleeping          |     8 |       |       |     5 ||    13
Armor: Skin              |    10 |    16 |    11 |    14 ||    51
Dodge: Dodged            |    38 |   125 |   183 |   390 ||   736

Table legend: (Time is in decaauts)
 A = Elapsed time spent in this place.
 B = Non-inter-level travel time spent in this place.
 C = Inter-level travel time spent in this place.
 D = Time resting spent in this place.
 E = Time spent auto-exploring this place.
 F = Levels seen in this place.
 G = Mean time per level.
                   A        B        C        D        E       F      G
               +--------+--------+--------+--------+--------+-----+--------+
         Total |  16360 |  16054 |    306 |   3889 |   9721 |  12 | 1363.3 |
       Dungeon |  16091 |  15794 |    297 |   3889 |   9472 |  11 | 1462.8 |
        Temple |    268 |    259 |      9 |      0 |    249 |   1 |  268.0 |
               +--------+--------+--------+--------+--------+-----+--------+

Top non-repeatable levels by time:
     D:6: 3564 daAuts
     D:4: 2305 daAuts
     D:3: 1803 daAuts
     D:7: 1683 daAuts
     D:9: 1492 daAuts
     D:5: 1369 daAuts
     D:1: 1185 daAuts
     D:8: 1103 daAuts
    D:10: 803 daAuts
     D:2: 753 daAuts
  Temple: 268 daAuts
    D:11: 27 daAuts
